 Dungeon Crawl Stone Soup version 0.19.1 (webtiles) character file.

1143 Kirima the Covert (level 8, -14/62 HPs)
             Began as a Vampire Monk on Dec 21, 2016.
             Demolished by an orc warrior
             ... wielding a +0 battleaxe
              (18 damage)
             ... on level 6 of the Dungeon.
             The game lasted 00:31:56 (7196 turns).

Kirima the Covert (Vampire Monk)                    Turns: 7196, Time: 00:31:57

Health: -14/62     AC:  4    Str: 12    XL:     8   Next: 15%
Magic:  8/8        EV: 17    Int: 13    God:
Gold:   304        SH:  0    Dex: 22    Spells: 0 memorised, 7 levels left

rFire  . . .     SeeInvis +       - Unarmed
rCold  + + .     Gourm    .     z - +1 robe {rC+}
rNeg   + . .     Faith    .     (no shield)
rPois  .         Spirit   .     (no helmet)
rElec  .         Reflect  .     (no cloak)
rCorr  .         Harm     .     h - +0 pair of gloves
MR     .....                    (no boots)
Stlth  ++++......               (no amulet)
                                n - ring of protection from cold
                                f - +6 ring of dexterity

@: no status effects
A: fangs 3, see invisible, unbreathing
a: Bat Form


You were on level 6 of the Dungeon.
You were not thirsty.

You visited 1 branch of the dungeon, and saw 6 of its levels.

You collected 304 gold pieces.

Inventory:

Armour
 a - a +0 robe
 h - a +0 pair of gloves (worn)
 z - a +1 robe of cold resistance (worn)
Jewellery
 f - a +6 ring of dexterity (left hand)
 n - a ring of protection from cold (right hand)
 u - an uncursed ring of protection from fire
Wands
 s - a wand of polymorph (0/24)
 x - a wand of iceblast (10/15)
 y - a wand of polymorph (8/24)
Scrolls
 d - 3 scrolls of remove curse
 g - a scroll of teleportation {unknown}
 k - a scroll of fog
 o - a scroll of fear {unknown}
 p - a scroll of random uselessness {unknown}
 t - a scroll of magic mapping {unknown}
 w - a scroll of enchant weapon {unknown}
Potions
 b - 8 potions of blood
 c - 3 potions of degeneration {unknown}
 e - a potion of ambrosia {unknown}
 i - a potion of flight
 j - a potion of magic {unknown}
 l - a potion of might {unknown}
 m - 2 potions of haste {unknown}
 q - a potion of agility {unknown}
 r - a potion of brilliance {unknown}
 v - a potion of curing


   Skills:
 - Level 5.3 Fighting
 + Level 6.2 Dodging
 + Level 8.0 Stealth
 * Level 6.0 Unarmed Combat


You had 7 spell levels left.
You didn't know any spells.

Dungeon Overview and Level Annotations

Branches:
Dungeon (6/15)
 Temple: D:4-7

Altars:

Annotations:
D:6 Eustachio


Innate Abilities, Weirdness & Mutations

You have razor-sharp teeth.
You have supernaturally acute eyesight. (SInv)
You can survive without breathing.


Message History

You hit the orc warrior.
The orc warrior is lightly wounded.
The orc warrior misses you.
You closely miss the orc warrior.
The orc shouts!
Your bite misses the orc warrior.
The orc warrior is lightly wounded.
The orc warrior hits you with a battleaxe!
* * * LOW HITPOINT WARNING * * *
The orc priest looks satisfied for a moment.
You barely miss the orc warrior.
The orc warrior is lightly wounded.
The orc priest mumbles some strange prayers to Beogh against you.
Beogh smites you!
* * * LOW HITPOINT WARNING * * *
You barely miss the orc warrior.
You bite the orc warrior, but do no damage.
The orc warrior is lightly wounded.
The orc warrior hits you with a battleaxe!!
You die...

#...#...#...#.#.# #....
..#...#...#...#.###....
.#...#...#...#.[......).
....#...#..o#....####....
..#...#...#...#..# #....
....#...#o..#(...# #....
+....#...#.....## #....
####..#o.###### #....
###@### ##### ###


You could see an orc warrior, an orc priest and an orc.

Vanquished Creatures
  The ghost of SeriousVitamin the Changer, an amateur NaTm (D:3)
  A necrophage (D:6)
  2 ogres
  A centaur (D:5)
  Blork the orc (D:4)
  A water moccasin skeleton (D:5)
  A hound (D:5)
  3 orc wizards
  A bullfrog skeleton (D:5)
  An orc priest (D:3)
  Terence (D:2)
  Ijyb (D:2)
  A worker ant (D:4)
  A killer bee zombie (D:6)
  A hound skeleton (D:4)
  Robin (D:2)
  2 gnolls (D:3)
  A howler monkey skeleton (D:5)
  13 adders
  4 shadow imps
  An adder zombie (D:5)
  5 worms
  2 dart slugs
  5 leopard geckos
  18 orcs
  A ball python (D:2)
  6 bats
  3 giant cockroaches
  19 goblins
  8 hobgoblins
  4 jackals (D:3)
  3 quokkas
  4 frilled lizards
  6 kobolds
  7 rats
131 creatures vanquished.

Notes
Turn   | Place    | Note
-------+----------+-------------------------------------------
     0 | D:1      | Kirima the Vampire Monk began the quest for the Orb.
     0 | D:1      | Reached XP level 1. HP: 17/17 MP: 1/1
   150 | D:1      | Reached XP level 2. HP: 23/23 MP: 2/2
   528 | D:2      | Noticed Ijyb
   543 | D:2      | Killed Ijyb
   543 | D:2      | Reached XP level 3. HP: 16/28 MP: 3/3
   715 | D:2      | Reached skill level 4 in Stealth
  1120 | D:2      | Noticed Terence
  1122 | D:2      | Reached XP level 4. HP: 34/34 MP: 4/4
  1209 | D:2      | Killed Terence
  1497 | D:2      | Noticed Robin
  1513 | D:2      | Gained mutation: Your body sometimes deteriorates upon taking damage. [potion of mutation]
  1513 | D:2      | Gained mutation: Your mind is acute. (Int +2) [potion of mutation]
  1536 | D:2      | Lost mutation: Your body sometimes deteriorates upon taking damage. [potion of cure mutation]
  1536 | D:2      | Lost mutation: Your mind is acute. (Int +2) [potion of cure mutation]
  1569 | D:2      | Killed Robin
  1900 | D:2      | Reached skill level 5 in Unarmed Combat
  1900 | D:2      | Reached XP level 5. HP: 37/39 MP: 5/5
  2315 | D:3      | Noticed SeriousVitamin's ghost (amateur NaTm)
  2374 | D:3      | Killed SeriousVitamin's ghost
  2374 | D:3      | Reached skill level 5 in Stealth
  2730 | D:3      | Reached XP level 6. HP: 46/46 MP: 6/6
  4034 | D:4      | Reached skill level 5 in Dodging
  4503 | D:4      | Noticed Blork the orc
  4544 | D:4      | Killed Blork the orc
  4544 | D:4      | Reached skill level 6 in Stealth
  5141 | D:4      | Reached XP level 7. HP: 53/53 MP: 7/7
  5303 | D:5      | Entered Level 5 of the Dungeon
  5711 | D:5      | Reached skill level 7 in Stealth
  6221 | D:5      | Reached skill level 5 in Fighting
  6722 | D:6      | Reached XP level 8. HP: 26/62 MP: 8/8
  7054 | D:6      | Reached skill level 8 in Stealth
  7105 | D:6      | Noticed Eustachio
  7195 | D:6      | HP: 3/62 [orc priest/divine providence (12)]
  7196 | D:6      | Demolished by an orc warrior

Skill      XL: |  1  2  3  4  5  6  7  8 |
---------------+-------------------------+-----
Unarmed Combat | 4 5 6 |  6.0
Stealth        | 4 5 6 7 8 |  8.0
Dodging        | 4 5 6 |  6.2
Fighting       | 3 5 |  5.3

Action                   |  1- 3 |  4- 6 |  7- 9 || total
-------------------------+-------+-------+-------++-------
Melee: Unarmed           |    93 |   307 |   162 ||   562
       Bite              |    12 |    38 |    24 ||    74
       Punch             |       |    11 |     2 ||    13
  Use: Potion            |     1 |    20 |     7 ||    28
       Scroll            |       |     6 |     2 ||     8
 Stab: Sleeping          |     6 |     5 |     4 ||    15
       Distracted        |       |     3 |     1 ||     4
Armor: Robe              |     6 |    27 |    18 ||    51
       Skin              |       |    23 |    15 ||    38
Dodge: Dodged            |    51 |   210 |   108 ||   369
